 Dungeon Sprint DCSS version 0.27-a0-54-g64bdb92e38 (webtiles) character file.

Game seed: 14989604803782944977

54 tatocazan the Insei (level 3, 0/29 HPs)
             Began as a Gnoll Transmuter on Jan 7, 2021.
             Slain by a water elemental (21 damage)
             ... in the Dungeon (Sprint III: "The Ten Rune Challenge").
             The game lasted 00:01:02 (383 turns).

tatocazan the Insei (Gnoll Transmuter)               Turns: 383, Time: 00:01:02

Health: 0/29       AC:  2    Str: 12    XL:     3   Next: 91%
Magic:  8/10       EV: 24    Int: 16    God:
Gold:   0          SH:  0    Dex: 20    Spells: 7/13 levels left

rFire    . . .     SeeInvis .     - Unarmed
rCold    . . .     Faith    .   (shield currently unavailable)
rNeg     . . .     Spirit   .   (armour currently unavailable)
rPois    x         Reflect  .   (helmet currently unavailable)
rElec    .         Harm     .   (cloak currently unavailable)
rCorr    .         Rampage  .   (gloves currently unavailable)
Will     .....     NoTele   +   (boots currently unavailable)
Stlth    ++........             (no amulet)
HPRegen  0.09/turn              (no ring)
MPRegen  0.12/turn              (no ring)

@: spider-form (expiring)
A: tiny, distributed training, strong nose
a: End Transformation


You were in the Dungeon.
You were a venomous arachnid creature.
You visited 1 branch

Inventory:

Hand Weapons
 d - a +3 quarterstaff of chaos (melded)
Armour
 a - a +0 robe (melded)
 g - a cursed +0 cloak (melded)
 i - a +0 helmet (melded)
Scrolls
 b - a scroll of amnesia {unknown}
 h - a scroll of blinking
Potions
 c - a potion of curing
 e - a potion of haste
 f - 2 potions of magic


   Skills:
 + Level 3.5 Fighting
 + Level 2.3 Short Blades
 + Level 2.3 Long Blades
 + Level 2.3 Axes
 + Level 2.3 Maces & Flails
 + Level 2.3 Polearms
 + Level 2.3 Staves
 + Level 2.3 Slings
 + Level 2.3 Bows
 + Level 2.3 Crossbows
 + Level 2.3 Throwing
 + Level 2.3 Armour
 + Level 5.1 Dodging
 + Level 2.3 Stealth
 + Level 2.3 Shields
 + Level 7.0 Unarmed Combat
 + Level 5.5 Spellcasting
 + Level 1.8 Conjurations
 + Level 1.8 Hexes
 + Level 1.8 Summonings
 + Level 1.8 Necromancy
 + Level 1.8 Translocations
 + Level 4.2 Transmutations
 + Level 1.8 Fire Magic
 + Level 1.8 Ice Magic
 + Level 1.8 Air Magic
 + Level 1.8 Earth Magic
 + Level 1.8 Poison Magic
 + Level 2.5 Invocations
 + Level 2.3 Evocations


You had 7 spell levels left.
You knew the following spells:

 Your Spells              Type           Power        Failure   Level
a - Beastly Appendage     Tmut           36%          10%         1
b - Wereblood             Tmut           18%          12%         2
c - Spider Form           Tmut/Pois      7%           28%         3

Your spell library contained the following spells:

 Spells                   Type           Power        Failure   Level
 Ice Form                 Ice/Tmut       14%          61%         4
 Blade Hands              Tmut           9%           77%         5


Dungeon Overview and Level Annotations

Branches:
Dungeon (1/1)

Altars:


Innate Abilities, Weirdness & Mutations

Your experience applies equally to all skills.
((You have very sharp teeth.))
Your uncanny sense of smell can sniff out nearby items.


Message History

You hit the water elemental.
The water elemental is heavily damaged.
The water elemental completely misses you.
You barely miss the water elemental.
The water elemental is heavily damaged.
The water elemental completely misses you.
You hit the water elemental.
The water elemental is severely damaged.
The water elemental misses you.
You hit the water elemental.
The water elemental is almost destroyed.
The water elemental completely misses you.
You hit the water elemental.
The water elemental is almost destroyed.
You hit the water elemental but do no damage.
The water elemental is almost destroyed.
Your transformation is almost over.
The water elemental hits you!!
Ouch! That really hurt!
You die...

▓▓▓▓▓▓▓ ▓▓▓ ..#...####
##.# ..#......## #..# ∆
.##.......#∆∆#..#∆ ∆
#.##.##...#∆∆#..###+#+##
#.##.###..# +#..#.......
.####.##†.# #...sE⌠.....
###..##..####...#...####
..†..##..###....#.⌠.#
##..##...##.....#...#∆
#..##....#÷.....#+###
..###..##.#.....# ∆∆ ..#
#..#####....# ▓▓▓ ▓▓▓▓
▓▓▓▓▓▓


You could see a water elemental.

Vanquished Creatures
  Crazy Yiuf (D)
  A human (D)
  An ooze (D)
  3 rats (D)
6 creatures vanquished.

Notes
Turn   | Place    | Note
-------+----------+-------------------------------------------
     0 | D        | tatocazan the Gnoll Transmuter began the quest for the Orb.
     0 | D        | Reached XP level 1. HP: 17/17 MP: 6/6
    22 | D        | Reached skill level 1 in Short Blades
    22 | D        | Reached skill level 1 in Long Blades
    22 | D        | Reached skill level 1 in Axes
    22 | D        | Reached skill level 1 in Maces & Flails
    22 | D        | Reached skill level 1 in Polearms
    22 | D        | Reached skill level 1 in Staves
    22 | D        | Reached skill level 1 in Slings
    22 | D        | Reached skill level 1 in Bows
    22 | D        | Reached skill level 1 in Crossbows
    22 | D        | Reached skill level 1 in Throwing
    22 | D        | Reached skill level 1 in Armour
    22 | D        | Reached skill level 1 in Stealth
    22 | D        | Reached skill level 1 in Shields
    22 | D        | Reached skill level 5 in Spellcasting
    22 | D        | Reached skill level 1 in Invocations
    22 | D        | Reached skill level 1 in Evocations
    57 | D        | Reached XP level 2. HP: 23/23 MP: 8/8
    64 | D        | Noticed Crazy Yiuf
    79 | D        | Reached skill level 1 in Conjurations
    79 | D        | Reached skill level 1 in Hexes
    79 | D        | Reached skill level 1 in Summonings
    79 | D        | Reached skill level 1 in Necromancy
    79 | D        | Reached skill level 1 in Translocations
    79 | D        | Reached skill level 1 in Fire Magic
    79 | D        | Reached skill level 1 in Ice Magic
    79 | D        | Reached skill level 1 in Air Magic
    79 | D        | Reached skill level 1 in Earth Magic
    79 | D        | Reached skill level 1 in Poison Magic
    79 | D        | Reached XP level 3. HP: 28/29 MP: 9/9
    83 | D        | Killed Crazy Yiuf
    84 | D        | Reached skill level 5 in Dodging
    84 | D        | Reached skill level 7 in Unarmed Combat
   354 | D        | Noticed a water elemental
   363 | D        | Learned a level 2 spell: Wereblood
   367 | D        | Learned a level 3 spell: Spider Form
   383 | D        | Slain by a water elemental

Illustrated notes

Levels and vault maps discovered:
D:        dungeon_sprint_mu [sprint_mu_entry_cave, sprint_mu_temple_rooms,
          sprint_mu_d1_horrors, sprint_mu_d2_genie, sprint_mu_d3_branching,
          sprint_mu_orc_legion, sprint_mu_elf_gauntlet, sprint_mu_hive_nellie,
          sprint_mu_lair_fedhas, sprint_mu_vaults_butterflies,
          sprint_mu_slime_circle, sprint_mu_shoals_kraken,
          sprint_mu_snake_twists, sprint_mu_blade_basic,
          sprint_mu_crypt_chambers, sprint_mu_tomb_spiral,
          sprint_mu_vestibule_basic, sprint_mu_gehenna_hellfire,
          sprint_mu_dis_giant, sprint_mu_tartarus_statrot,
          sprint_mu_cocytus_islands, sprint_mu_zot1]

Skill      XL: |  1  2  3 |
---------------+----------+-----
Short Blades   | 1 2 |  2.3
Long Blades    | 1 2 |  2.3
Axes           | 1 2 |  2.3
Maces & Flails | 1 2 |  2.3
Polearms       | 1 2 |  2.3
Staves         | 1 2 |  2.3
Slings         | 1 2 |  2.3
Bows           | 1 2 |  2.3
Crossbows      | 1 2 |  2.3
Throwing       | 1 2 |  2.3
Armour         | 1 2 |  2.3
Stealth        | 1 2 |  2.3
Shields        | 1 2 |  2.3
Spellcasting   | 5 |  5.5
Invocations    | 1 2 |  2.5
Evocations     | 1 2 |  2.3
Fighting       | 3 |  3.5
Conjurations   | 1 |  1.8
Hexes          | 1 |  1.8
Summonings     | 1 |  1.8
Necromancy     | 1 |  1.8
Translocations | 1 |  1.8
Transmutations | 4 |  4.2
Fire Magic     | 1 |  1.8
Ice Magic      | 1 |  1.8
Air Magic      | 1 |  1.8
Earth Magic    | 1 |  1.8
Poison Magic   | 1 |  1.8
Dodging        | 5 |  5.1
Unarmed Combat | 7 |  7.0

Action                   || total
-------------------------++-------
Melee: Unarmed           ||    29
       Kick              ||     2
 Cast: Beastly Appendage ||     2
       Spider Form       ||     1
  Use: Potion            ||     2
 Stab: Sleeping          ||     1
Armor: Robe              ||     2
Dodge: Dodged            ||    18

Table legend: (Time is in decaauts)
 A = Elapsed time spent in this place.
 B = Non-inter-level travel time spent in this place.
 C = Inter-level travel time spent in this place.
 D = Time resting spent in this place.
 E = Time spent auto-exploring this place.
 F = Levels seen in this place.
 G = Mean time per level.
                   A        B        C        D        E       F      G
               +--------+--------+--------+--------+--------+-----+--------+
         Total |    389 |    389 |      0 |    272 |     34 |   1 |  389.0 |
       Dungeon |    389 |    389 |      0 |    272 |     34 |   1 |  389.0 |
               +--------+--------+--------+--------+--------+-----+--------+

Top non-repeatable levels by time:
       D: 389 daAuts
